 Dungeon Crawl Stone Soup version 0.31-a0-818-ge7c7cf74f0 (webtiles) character file.

Game seed: 11945723477248681190

39 qw the Shooter (level 3, -2/22 HPs)
             Began as a Gargoyle Hunter on Sept 23, 2023.
             Slain by a black bear (3 damage)
             ... on level 2 of the Dungeon.
             The game lasted 00:00:26 (766 turns).

qw the Shooter (Gargoyle Hunter)                     Turns: 766, Time: 00:00:26

Health: -2/22      AC:  6    Str: 14    XL:     3   Next: 45%
Magic:  3/3        EV: 16    Int:  9    God:
Gold:   70         SH:  0    Dex: 15    Spells: 2/2 levels left

rFire   . . .        Y - +0 shortbow
rCold   . . .        (shield currently unavailable)
rNeg    + . .        c - +0 leather armour
rPois   inf          (no helmet)
rElec   +            (no cloak)
rCorr   .            (no gloves)
SInv    .            (no boots)
Will    .....        (no amulet)
Stlth   ++           f - +5 ring of evasion
HPRegen 0.23/turn    (no ring)
MPRegen 0.08/turn

%: no passive effects
@: no status effects
A: sickness immunity, AC +3, negative energy resistance 1, electricity
resistance, torment resistance 1, petrification resistance
a: no special abilities


You were on level 2 of the Dungeon.
You visited 1 branch of the dungeon, and saw 2 of its levels.

You collected 70 gold pieces.


Innate Abilities, Weirdness & Mutations

You are immune to sickness and miasma.
Your stone body is resilient. (AC +3)
You are immune to poison.
You resist negative energy. (rN+)
You are resistant to electric shocks. (rElec)
You are resistant to unholy torment.
You are immune to petrification.


   Skills:
 + Level 2.6 Fighting
 - Level 5.0 Ranged Weapons
 - Level 1.5 Dodging
 - Level 1.1 Stealth


You had 2 spell levels left.
You didn't know any spells.
Your spell library was empty.

Inventory:

Hand Weapons
 Y - a +0 shortbow (weapon)
Armour
 c - a +0 leather armour (worn)
Jewellery
 f - a +5 ring of evasion (left hand)
Scrolls
 a - 2 scrolls of identify
Potions
 d - a potion of curing

Dungeon Overview and Level Annotations

Branches:
Dungeon (2/15)

Altars:


Message History

Moving in this stuff is going to be slow.
There is an open door here.
There is a stone staircase leading down here.
You climb downwards.
Found a stone staircase leading down.
There is a stone staircase leading up here.
Waypoint 1 assigned to D:2.
A black bear and an ufetubus come into view.
The ufetubus shouts!
The ufetubus moves out of view.
You shoot an arrow. The arrow hits the black bear!
The black bear is moderately wounded.
You shoot an arrow. The arrow hits the black bear!
The black bear is severely wounded.
The black bear bites you.
The black bear claws you but does no damage.
The black bear closely misses you.
You shoot an arrow.
The arrow hits the black bear but does no damage.
The black bear is severely wounded.
The black bear goes berserk!
You shoot an arrow.
The arrow closely misses the black bear.
The black bear misses you. The black bear claws you.
The black bear barely misses you. The black bear bites you.
The black bear misses you. The black bear closely misses you.
You shoot an arrow.
The arrow closely misses the black bear.
The black bear completely misses you. The black bear barely misses you.
The black bear completely misses you.
You shoot an arrow. The arrow hits the black bear.
The black bear is severely wounded.
The black bear misses you. The black bear barely misses you.
The black bear claws you but does no damage.
The black bear bites you. The black bear claws you.
The black bear completely misses you.
You shoot an arrow. The arrow barely misses the black bear.
The black bear bites you. The black bear closely misses you.
The black bear claws you.
You die...

#... #.>#
#..### .....
#...# # #####
#...#
#.##...###...#
#..@###.##<..#
##h##
##..###.# ..5
#..# ..##.
#..# ..# ##
.... # .####.
## .. ##


You could see a black bear (berserk) and an ufetubus.

Vanquished Creatures
  A dart slug (D:1)
  4 bats (D:1)
  2 endoplasms (D:1)
  3 giant cockroaches (D:1)
  2 goblins (D:1)
  A hobgoblin (D:1)
  3 jackals (D:1)
  4 kobolds (D:1)
  2 ball pythons (D:1)
  16 frilled lizards (D:1)
38 creatures vanquished.

Notes
Turn   | Place    | Note
-------+----------+-------------------------------------------
     0 | D:1      | qw the Gargoyle Hunter began the quest for the Orb.
     0 | D:1      | Reached XP level 1. HP: 12/12 MP: 1/1
     0 | D:1      | 0 ||| qw: Version: 0.3-a-83-gcd0e7d8
     0 | D:1      | 0 ||| qw: Game counter: 1353
     0 | D:1      | 0 ||| qw: Melee chars always use a shield: true
     0 | D:1      | 0 ||| qw: God list: Okawaru
     0 | D:1      | 0 ||| qw: Allow faded altars: false
     0 | D:1      | 0 ||| qw: Do Orc after clearing Dungeon:15 true
     0 | D:1      | 0 ||| qw: Do second Lair branch before Depths: true
     0 | D:1      | 0 ||| qw: Lair rune preference: random
     0 | D:1      | 0 ||| qw: Goals: Normal
     0 | D:1      | 0 ||| PLANNING D:1-11
   206 | D:1      | Reached XP level 2. HP: 17/17 MP: 2/2
   339 | D:1      | 339 ||| Stepping ~*~*~tactically~*~*~ (retreating).
   340 | D:1      | 340 ||| Stepping ~*~*~tactically~*~*~ (retreating).
   341 | D:1      | 341 ||| Stepping ~*~*~tactically~*~*~ (retreating).
   342 | D:1      | 342 ||| Stepping ~*~*~tactically~*~*~ (retreating).
   344 | D:1      | 344 ||| Stepping ~*~*~tactically~*~*~ (retreating).
   355 | D:1      | Reached XP level 3. HP: 17/21 MP: 3/3
   445 | D:1      | Reached skill level 5 in Ranged Weapons
   711 | D:1      | 711 ||| UPGRADING to +5 ring of evasion.
   712 | D:1      | 712 ||| READING 3 scrolls labelled JOUKHO VEROCANG.
   713 | D:1      | 713 ||| READING scroll labelled UPLOUG ARAV.
   714 | D:1      | 714 ||| DRINKING 2 yellow potions.
   715 | D:1      | 715 ||| DROPPING scroll of butterflies.
   759 | D:2      | Noticed a black bear
   765 | D:2      | HP: 3/22 [black bear (5)]
   766 | D:2      | HP: 1/22 [black bear (2)]
   766 | D:2      | Slain by a black bear

Levels and vault maps discovered:
D:1:      lightli_arrival_farm, layout_basic, minmay_lizard_king
D:2:      layout_loops_ring

Skill      XL: |  1  2  3 |
---------------+----------+-----
Ranged Weapons | 5 |  5.0
Fighting       | |  2.6
Dodging        | |  1.5
Stealth        | |  1.1

Action                     || total
---------------------------++-------
   Fire: Shortbow          ||   120
    Use: Scroll            ||     2
         Potion            ||     1
 Armour: Leather armour    ||    41
  Dodge: Dodged            ||    77

Table legend:
 A = Non-vault XP
 B = Vault XP
 C = Vault XP percentage of total XP
 D = Non-vault monster count
 E = Vault monster count
 F = Vault count percentage of total count
                 A         B        C        D         E       F
            +---------+---------+-------+---------+---------+-------
      Total |      46 |      10 |  17.9 |      28 |      10 |  26.3
            +---------+---------+-------+---------+---------+-------
        D:1 |      46 |      10 |  17.9 |      28 |      10 |  26.3
            +---------+---------+-------+---------+---------+-------
